 Dungeon Crawl Stone Soup version 0.31-a0-354-g827e0957a7 (webtiles) character file.

Game seed: 1032866265663487371

99 Bnni the Changeling (level 4, 29/29 HPs)
             Began as an Octopode Shapeshifter on July 24, 2023.
             Was a Follower of Dithmenos.
             Quit the game on level 3 of the Dungeon.
             The game lasted 00:01:24 (1946 turns).

Bnni the Changeling (Octopode Shapeshifter)         Turns: 1946, Time: 00:01:25

Health: 29/29      AC:  1    Str: 14    XL:     4   Next: 72%
Magic:  4/4        EV: 13    Int: 10    God:    Dithmenos [*.....]
Gold:   109        SH:  0    Dex: 14    Spells: 3/3 levels left

rFire   . . .        m - +1 dagger (protect)
rCold   . . .        (no shield)
rNeg    . . .        (helmet currently unavailable)
rPois   .            (no amulet)
rElec   .            (no ring)
rCorr   .            (no ring)
SInv    .            (no ring)
Will    .....        (no ring)
Stlth   +++          (no ring)
HPRegen 0.24/turn    (no ring)
MPRegen 0.09/turn    (no ring)
                     (no ring)

%: no passive effects
@: beast-form, wreathed by umbra
A: beast (slay +2), almost no armour, amphibious, 8 rings, camouflage 1,
gelatinous body 1, (nimble swimmer 1), tentacles
a: Begin Untransformation, Renounce Religion


You were on level 3 of the Dungeon.
You worshipped Dithmenos.
Dithmenos was aware of your devotion.
You were a hulking beast.
You visited 1 branch of the dungeon, and saw 3 of its levels.

You collected 109 gold pieces.

Inventory:

Hand Weapons
 m - a +1 dagger of protection (weapon)
Talismans
 b - a beast talisman
Scrolls
 c - a scroll of enchant weapon {unknown}
 d - 6 scrolls of identify {unknown}
 e - a scroll of teleportation {unknown}
 h - a scroll of vulnerability {unknown}
 j - a scroll of acquirement {unknown}
 l - a scroll of revelation {unknown}
 n - a scroll of poison {unknown}
Potions
 a - a potion of lignification
 f - a potion of brilliance {unknown}
 g - 2 potions of might {unknown}
 i - 2 potions of cancellation {unknown}
 k - a potion of enlightenment {unknown}
 o - a potion of berserk rage {unknown}
 p - a potion of resistance {unknown}


   Skills:
 + Level 2.2 Fighting
 - Level 2.0 Dodging
 + Level 3.6 Unarmed Combat
 * Level 4.0 Shapeshifting


You had 3 spell levels left.
You didn't know any spells.
Your spell library contained the following spells:

 Spells                   Type           Power      Damage    Failure   Level
 Freeze                   Ice            0%         1d3       36%         1
 Frozen Ramparts          Ice            0%         1d1       75%         3
 Hailstorm                Conj/Ice       0%         3d3       75%         3


Dungeon Overview and Level Annotations

Branches:
Dungeon (3/15)

Altars:
Dithmenos


Innate Abilities, Weirdness & Mutations

You are a hulking beast.
Your limbs bulge with bestial killing power. (Slay +2)
You cannot wear most types of armour.
You are amphibious.
You can wear up to eight rings at the same time.
Your skin changes colour to match your surroundings (Stealth+).
Your rubbery body absorbs attacks. (AC +1, EV +1)
((You are camouflaged when in or above water. (Stealth+)))
You have tentacles for arms and can constrict up to eight enemies at once.


Message History

Your weapon exudes an aura of protection.
You grab the adder.
The adder is heavily wounded.
You constrict the adder.
The adder struggles to escape constriction.
You hit the adder.
The adder is almost dead.
You constrict the adder.
You kill the adder!
A ball python comes into view.
You hit the ball python.
You kill the ball python!
You hit the ball python. You grab the ball python.
The ball python is severely wounded.
You constrict the ball python.
You kill the ball python!
Your Shapeshifting skill increases to level 4!
No target in view!
Found a faded altar of an unknown god.
No target in view!
Things that are here:
a ball python corpse; a ball python corpse; an adder corpse
Found a robe.
No target in view!
No target in view!
Found 3 stones.
d - 6 scrolls labelled KENLIUXIMOE (gained 1)
There is a faded altar of an unknown god here.
This altar belongs to (a) Okawaru, (b) Dithmenos or (c) Gozag, but you can't tell which.
Press the corresponding letter to learn more about a god, or press enter to convert or escape to cancel.
Okay, then.
You see here 3 stones.
You open the door.
An orc comes into view. It is wielding a +0 dagger.
There is an open door here.
There is a faded altar of an unknown god here.
This altar belongs to (a) Okawaru, (b) Dithmenos or (c) Gozag, but you can't tell which.
Press the corresponding letter to learn more about a god, or press enter to convert or escape to cancel.
Dithmenos accepts your prayer! Dithmenos welcomes you!
You are shrouded in an aura of darkness!
Are you sure you want to abandon this character and quit the game? (Confirm with "yes".)

##...## #.#...## ##.....##
#.##..## #. ##..#....#
#..##.## ...#
##..###..######...#.##
.....#..## ##..#+..........
.........###.(..####...####
#.##..#...#...#.# #..##
#####.....#### #..# ##.h.##
#####..#
####.....###......#
#[#...#...#..####.#
#....###..†.## #.# ##..##
##..## #.# ##..###..## #.#
#.##.#...# .#
#.###...###### .#
#..............


There were no monsters in sight!

Vanquished Creatures
  Crazy Yiuf (D:2)
  2 adders
  A worm (D:2)
  9 ball pythons
  3 bats (D:1)
  6 endoplasms
  A giant cockroach (D:1)
  3 goblins
  A hobgoblin (D:1)
  6 jackals (D:1)
  3 quokkas
  7 kobolds
43 creatures vanquished.

Notes
Turn   | Place    | Note
-------+----------+-------------------------------------------
     0 | D:1      | Bnni the Octopode Shapeshifter began the quest for the Orb.
     0 | D:1      | Reached XP level 1. HP: 13/13 MP: 1/1
   116 | D:1      | Reached XP level 2. HP: 10/18 MP: 2/2
   335 | D:1      | Reached XP level 3. HP: 22/23 MP: 3/3
  1219 | D:2      | Identified the +8 plate armour of Responsibility {Will+}
  1545 | D:2      | Reached XP level 4. HP: 13/29 MP: 4/4
  1683 | D:2      | Found a runed translucent door.
  1684 | D:2      | Noticed Crazy Yiuf
  1840 | D:2      | Killed Crazy Yiuf
  1906 | D:3      | Reached skill level 4 in Shapeshifting
  1906 | D:3      | Found a faded altar of an unknown god.
  1945 | D:3      | Prayed at the altar of an unknown god.
  1945 | D:3      | Became a worshipper of Dithmenos the Shadowed
  1945 | D:3      | Reached * piety under Dithmenos
  1946 | D:3      | Quit the game

Illustrated notes

Levels and vault maps discovered:
D:1:      scummos_arrival_hexagon, layout_basic, minmay_tromino_v4_b
D:2:      layout_basic, minmay_misc_feat_square, uniq_crazy_yiuf_cottage
D:3:      layout_loops_corners, nicolae_ecumenical_snake_handling

Skill      XL: |  1  2  3  4 |
---------------+-------------+-----
Fighting       | 2 |  2.2
Shapeshifting  | 4 |  4.0
Dodging        | |  2.0
Unarmed Combat | |  3.6

Action                     |  1- 3 |  4- 6 || total
---------------------------+-------+-------++-------
  Melee: Unarmed           |    44 |       ||    44
         Constrict         |    21 |     3 ||    24
         Tentacles         |    13 |     2 ||    15
         Punch             |     2 |       ||     2
         Dagger            |    25 |     9 ||    34
   Stab: Sleeping          |    12 |     1 ||    13
 Armour: Skin              |     4 |       ||     4
  Dodge: Dodged            |    40 |     4 ||    44

Table legend: (Time is in decaauts)
 A = Elapsed time spent in this place.
 B = Non-inter-level travel time spent in this place.
 C = Inter-level travel time spent in this place.
 D = Time resting spent in this place.
 E = Time spent auto-exploring this place.
 F = Levels seen in this place.
 G = Mean time per level.
                   A        B        C        D        E       F      G
               +--------+--------+--------+--------+--------+-----+--------+
         Total |   1942 |   1864 |     78 |      0 |   1600 |   3 |  647.3 |
       Dungeon |   1942 |   1864 |     78 |      0 |   1600 |   3 |  647.3 |
               +--------+--------+--------+--------+--------+-----+--------+

Top non-repeatable levels by time:
     D:1: 936 daAuts
     D:2: 929 daAuts
     D:3: 76 daAuts
